 Dungeon Crawl Stone Soup version 0.29-a0-555-g3b24f45cc1 (webtiles) character file.

Game seed: 5498146875253617853

44 porpoise the Vexing (level 3, 0/29 HPs)
             Began as a Formicid Arcane Marksman on June 8, 2022.
             Slain by a worm (7 damage)
             ... on level 2 of the Dungeon.
             The game lasted 00:05:15 (1458 turns).

porpoise the Vexing (Formicid Arcane Marksman)      Turns: 1458, Time: 00:05:16

Health: 0/29       AC:  5    Str: 14    XL:     3   Next: 87%
Magic:  4/4        EV: 10    Int: 14    God:
Gold:   64         SH:  0    Dex: 11    Spells: 3/4 levels left

rFire   . . .      SeeInvis +   b - +0 whip (elec)
rCold   . . .      Faith    .   (no shield)
rNeg    . . .      Spirit   .   h - +0 ring mail
rPois   .          Reflect  .   (helmet unavailable)
rElec   .          Harm     .   (no cloak)
rCorr   .          Rampage  .   (no gloves)
Will    .....                   (no boots)
Stlth   +.........              (no amulet)
HPRegen 0.09/turn               (no ring)
MPRegen 0.09/turn               (no ring)

@: no status effects
A: permanent stasis, dig shafts and tunnels, antennae 3, four strong arms
a: Dig, Shaft Self


You were on level 2 of the Dungeon.
You visited 1 branch of the dungeon, and saw 2 of its levels.

You collected 64 gold pieces.

Inventory:

Hand Weapons
 a - a +0 hand crossbow
 b - a +0 whip of electrocution (weapon)
Armour
 f - a +0 robe
 h - a +0 ring mail (worn)
Scrolls
 c - a scroll of vulnerability
 d - a scroll of blinking {unknown}
 e - 2 scrolls of immolation {unknown}
 g - a scroll of magic mapping {unknown}
 l - a scroll of identify {unknown}
Potions
 i - 2 potions of curing {unknown}
 j - a potion of invisibility {unknown}
 k - a potion of flight {unknown}
 n - a potion of haste {unknown}


   Skills:
 * Level 3.1 Fighting
 * Level 0.2 Maces & Flails
 - Level 2.0 Crossbows
 - Level 1.7 Dodging
 + Level 2.1 Stealth
 - Level 1.1 Spellcasting
 - Level 3.6 Hexes


You had 3 spell levels left.
You knew the following spells:

 Your Spells              Type           Power      Damage    Failure   Level
a - Slow                  Hex            40%        N/A       12%         1

Your spell library contained the following spells:

 Spells                   Type           Power      Damage    Failure   Level
 Inner Flame              Hex/Fire       5%         N/A       58%         3
 Portal Projectile        Hex/Tloc       10%        N/A       58%         3
 Cause Fear               Hex            5%         N/A       77%         4
 Chain Lightning          Conj/Air       0%         N/A       100%        9
 Fire Storm               Conj/Fire      0%         5d1       100%        9
 Shatter                  Erth           0%         3d5*      100%        9


Dungeon Overview and Level Annotations

Branches:
Dungeon (2/15)

Altars:
Ashenzari

Annotations:
D:1 2 transporters


Innate Abilities, Weirdness & Mutations

You cannot be hasted, slowed, berserked, paralysed or teleported.
You can dig through walls and to a lower floor.
You have a pair of large antennae on your head. (SInv)
Your four strong arms can wield two-handed weapons with a shield.


Message History

Press: ? - help, Q - select action, (/) - cycle Shift-Dir - straight line, f/p - worm
Aim: a worm (lightly wounded, 78% to hit)
You shoot a bolt. The bolt hits the worm.
The worm is moderately wounded.
Shoot: a) +0 hand crossbow
Press: ? - help, Q - select action, (/) - cycle Shift-Dir - straight line, f/p - worm
Aim: a worm (moderately wounded, 78% to hit)
You shoot a bolt. The bolt hits the worm.
The worm is heavily wounded.
Shoot: a) +0 hand crossbow
Press: ? - help, Q - select action, (/) - cycle Shift-Dir - straight line, f/p - worm
Aim: a worm (moderately wounded, 78% to hit)
You shoot a bolt. The bolt barely misses the worm.
Shoot: a) +0 hand crossbow
Press: ? - help, Q - select action, (/) - cycle Shift-Dir - straight line, f/p - worm
Aim: a worm (moderately wounded, 78% to hit)
You shoot a bolt. The bolt barely misses the worm.
You hear the crackle of electricity.
b - a +0 whip of electrocution (weapon)
You hit the worm.
The worm is moderately wounded.
The worm barely misses you.
You barely miss the worm.
The worm is moderately wounded.
The worm misses you.
You hit the worm.
The worm is heavily wounded.
You hit the worm but do no damage.
The worm is heavily wounded.
The worm bites you.
* * * LOW HITPOINT WARNING * * *
You barely miss the worm.
The worm is heavily wounded.
You barely miss the worm.
The worm is heavily wounded.
The worm bites you but does no damage.
You hit the worm.
The worm is severely wounded.
The worm bites you!
You die...

†................#
###.##...........#
###.##...........#
.....######......#
......# #......#
......# #......#
......### #......#
{ ........#
####.w.# ###.....#
#..@# #.....#
#..># #.....#
#.#.# #.#.###
#.#.# #.#.# #.#.#
###.#.# #.#.#
....#.# ..#.#
#####.# ###.# .#
#.#


You could see a worm.

Vanquished Creatures
  3 endoplasms (D:1)
  3 giant cockroaches (D:2)
  4 goblins
  3 hobgoblins
  8 jackals
  4 kobolds
  A quokka (D:1)
  5 ball pythons
  A bat (D:1)
  3 frilled lizards (D:1)
  3 rats (D:1)
38 creatures vanquished.

Vanquished Creatures (others)
  7 toadstools (D:2)
7 creatures vanquished.

Grand Total: 45 creatures vanquished

Notes
Turn   | Place    | Note
-------+----------+-------------------------------------------
     0 | D:1      | porpoise the Formicid Arcane Marksman began the quest for
                  | the Orb.
     0 | D:1      | Reached XP level 1. HP: 15/15 MP: 2/2
   134 | D:1      | Reached XP level 2. HP: 22/22 MP: 3/3
   153 | D:1      | Reached skill level 1 in Stealth
   400 | D:1      | Found a faded altar of an unknown god.
   533 | D:1      | Reached XP level 3. HP: 28/28 MP: 4/4
  1082 | D:2      | Found a broken altar of Ashenzari.
  1458 | D:2      | Slain by a worm

Illustrated notes

Levels and vault maps discovered:
D:1:      spicycebolla_arrival_transporter_tutorial, layout_basic,
          shapermc_ecumenical_altar_venn
D:2:      cheibrodos_fertilizer, layout_basic, basic_altar, serial_shops, shop,
          minmay_nonomino_d4

Skill      XL: |  1  2  3 |
---------------+----------+-----
Fighting       | 2 3 |  3.1
Stealth        | 1 2 |  2.1
Maces & Flails | |  0.2
Crossbows      | |  2.0
Dodging        | |  1.7
Spellcasting   | |  1.1
Hexes          | |  3.6

Action                   || total
-------------------------++-------
Melee: Short sword       ||     9
       Whip              ||    12
 Fire: Hand crossbow     ||   120
Armor: Robe              ||     6
       Ring mail         ||     7
Dodge: Dodged            ||    39

Table legend: (Time is in decaauts)
 A = Elapsed time spent in this place.
 B = Non-inter-level travel time spent in this place.
 C = Inter-level travel time spent in this place.
 D = Time resting spent in this place.
 E = Time spent auto-exploring this place.
 F = Levels seen in this place.
 G = Mean time per level.
                   A        B        C        D        E       F      G
               +--------+--------+--------+--------+--------+-----+--------+
         Total |   1509 |   1409 |    100 |    186 |    881 |   2 |  754.5 |
       Dungeon |   1509 |   1409 |    100 |    186 |    881 |   2 |  754.5 |
               +--------+--------+--------+--------+--------+-----+--------+

Top non-repeatable levels by time:
     D:1: 1058 daAuts
     D:2: 451 daAuts
